 Dungeon Crawl Stone Soup version 0.18-a0-1774-gce1f7b6 (webtiles) character file.

2966 Nedvokis the Blocker (level 9, -4/78 HPs)
             Began as a Hill Orc Fighter on Apr 15, 2016.
             Killed from afar by a quokka (31 damage)
             ... with an exploding inner flame
             ... hexed by the player character
             ... on level 9 of the Dungeon.
             The game lasted 01:13:59 (7210 turns).

Nedvokis the Blocker (Hill Orc Fighter)             Turns: 7210, Time: 01:13:59

Health: -4/78      AC: 17    Str: 21    XL:     9   Next: 82%
Magic:  8/8        EV:  5    Int:  8    God:
Gold:   214        SH: 17    Dex:  9    Spells: 0 memorised, 8 levels left

rFire  . . .     SeeInvis .       - Unarmed
rCold  . . .     Gourm    .     m - +0 plate armour
rNeg   . . .     Faith    .     c - +1 shield
rPois  .         Spirit   .     o - +2 helmet
rElec  .         Dismiss  .     (no cloak)
rCorr  .         Reflect  +     v - +0 pair of gloves
SustAt .         Harm     .     (no boots)
MR     +....                    s - +5 amulet of reflection
Stlth  ..........               k - +4 ring of slaying
                                q - ring of protection from magic

@: somewhat resistant to hostile enchantments, extremely unstealthy
A: claws 1, blink, blurry vision 2, clumsy 1, low mp 1, wild magic 1
a: Blink


You were on level 9 of the Dungeon.
You were not hungry.

You visited 2 branches of the dungeon, and saw 10 of its levels.

You collected 304 gold pieces.
You spent 90 gold pieces at shops.

Inventory:

Hand Weapons
 a - a +3 war axe
Armour
 c - a +1 shield (worn)
 m - a +0 plate armour (worn)
 o - a +2 helmet (worn)
 v - a +0 pair of gloves (worn)
 A - a +0 shield
Jewellery
 k - a +4 ring of slaying (right hand)
 l - a cursed -3 ring of evasion
 n - an uncursed ring of fire {unknown}
 q - a ring of protection from magic (left hand)
 r - an uncursed ring of stealth {unknown}
 s - a +5 amulet of reflection (around neck)
 y - the ring of Zumips {Ice Fragile rN+ Stlth+, unknown}
   (You found it on level 5 of the Dungeon)

   [ring of ice]

   It enhances your ice magic, and weakens your fire magic.
   It makes you vulnerable to fire.
   It protects you from cold.
   It protects you from negative energy.
   It will be destroyed if unequipped.
   It makes you more stealthy.
 H - an uncursed amulet of rage {unknown}
Wands
 K - a wand of flame (13/48)
Scrolls
 e - a scroll of fog {unknown}
 g - 2 scrolls of immolation
 w - a scroll of magic mapping
 D - 2 scrolls of recharging {unknown}
 L - a scroll of remove curse
Potions
 b - a potion of haste
 d - 2 potions of might
 h - a potion of flight {unknown}
 i - 7 potions of agility
 p - 3 potions of curing
 u - 3 potions of lignification
 x - 2 potions of heal wounds
 z - a potion of cancellation {unknown}
 C - a potion of resistance {unknown}
 E - 2 potions of degeneration {unknown}
 G - a potion of brilliance {unknown}
Comestibles
 f - 5 bread rations
 j - 3 meat rations
 t - 7 beef jerkies
 B - a chunk of flesh


   Skills:
 + Level 6.4 Fighting
 + Level 7.7 Axes
 + Level 6.8 Armour
 + Level 2.1 Dodging
 * Level 4.3 Stealth
 + Level 8.4 Shields
 + Level 3.5 Unarmed Combat


You had 8 spell levels left.
You didn't know any spells.

Dungeon Overview and Level Annotations

Branches:
Dungeon (8/15)             Temple (1/1) D:7
   Lair: D:8-11

Altars:
Ashenzari
Gozag
Pakellas
The Shining One

Shops:
D:4 ?   D:7 :


Innate Abilities, Weirdness & Mutations

You have sharp fingernails.
You can translocate small distances at will.
Scrolls take you longer to read.
You are clumsy. (Dex -2)
Your magical capacity is low (-10% MP).
Your spells are a little harder to cast, but a little more powerful.


Message History

You block the quokka's attack. You block the quokka's attack.
The quokka barely misses you.
Your shield and plate armour prevent you from hitting the quokka.
The quokka is moderately wounded.
You block the quokka's attack.
The quokka bites you but does no damage.
You barely miss the quokka.
The quokka is moderately wounded.
The porcupine barely misses you. You block the quokka's attack. x2
You block the porcupine's attack.
You punch the quokka!
The quokka explodes!
The fiery explosion engulfs you!
The fiery explosion engulfs the porcupine.
The porcupine explodes!
The fiery explosion engulfs you!
The fiery explosion engulfs the quokka.
The quokka explodes!
The fiery explosion engulfs you!
You die...

#.... #.... #.... #....
#.... ##+####....
########..........
.######§§§..............
.......@§§..............
.......§§§..#####.......
.......§§§..# #.......
............+ #.......
............# #.......
.###.###.>..###+#...####
#. #.......÷....# ..
...#######...# ..).
#...#


There were no monsters in sight!

Vanquished Creatures
  Prince Ribbit (D:5)
  Sigmund (D:2)
  Menkaure (D:5)
  2 porcupines (D:9)
  3 ice beasts
  A sky beast (D:5)
  A black bear (D:7)
  An orc warrior (D:6)
  3 ogres
  A necrophage (D:6)
  A crocodile (D:7)
  2 centaurs
  2 giant frogs (D:7)
  2 scorpions
  2 wyvern skeletons
  A crimson imp (D:5)
  A giant frog zombie (D:6)
  2 hounds
  A jelly (D:6)
  An orc priest (D:6)
  Crazy Yiuf (D:2)
  3 orc wizards
  Jessica (D:3)
  Natasha (twice) (D:2)
  3 iguanas (D:6)
  3 worker ants
  A hound zombie (D:9)
  A hound skeleton (D:5)
  Robin (D:2)
  14 adders
  2 oozes
  An adder skeleton (D:6)
  6 worms
  A dart slug (D:2)
  2 giant geckos (D:5)
  8 orcs
  20 goblins
  7 hobgoblins
  10 jackals
  7 kobolds
  7 quokkas
  2 ball pythons (D:3)
  7 bats
  A giant gecko skeleton (D:6)
  9 giant newts
  9 rats
159 creatures vanquished.

Notes
Turn   | Place    | Note
--------------------------------------------------------------
     0 | D:1      | Nedvokis the Hill Orc Fighter began the quest for the Orb.
     0 | D:1      | Reached XP level 1. HP: 19/19 MP: 1/1
   181 | D:1      | Reached XP level 2. HP: 20/27 MP: 2/2
  1027 | D:1      | Reached XP level 3. HP: 32/33 MP: 3/3
  1145 | D:2      | Noticed Robin
  1171 | D:2      | Killed Robin
  1544 | D:2      | Reached XP level 4. HP: 37/40 MP: 4/4
  1600 | D:2      | Reached skill level 4 in Shields
  1710 | D:2      | Noticed Sigmund
  1795 | D:2      | Killed Sigmund
  1795 | D:2      | Reached skill level 1 in Dodging
  1795 | D:2      | Reached XP level 5. HP: 26/47 MP: 5/5
  1795 | D:2      | Reached XP level 6. HP: 29/53 MP: 6/6
  1980 | D:2      | Noticed Natasha
  1990 | D:2      | Killed Natasha
  2116 | D:2      | Noticed Natasha
  2126 | D:2      | Killed Natasha
  2564 | D:2      | Noticed Crazy Yiuf
  2568 | D:2      | Killed Crazy Yiuf
  2568 | D:2      | Reached skill level 5 in Armour
  2782 | D:3      | Noticed Jessica
  2784 | D:3      | Found a glowing golden altar of the Shining One.
  2786 | D:3      | Killed Jessica
  2929 | D:3      | Found an opulent altar of Gozag.
  2965 | D:3      | Reached skill level 5 in Axes
  2965 | D:3      | Reached skill level 5 in Shields
  2965 | D:3      | Reached XP level 7. HP: 32/60 MP: 7/7
  3291 | D:4      | Found an oddly glowing altar of Pakellas.
  3435 | D:4      | Found Kainkeit's Magic Scroll Emporium.
  3555 | D:4      | Bought a scroll of remove curse for 30 gold pieces
  3555 | D:4      | Bought a scroll of identify for 20 gold pieces
  3555 | D:4      | Bought a scroll of identify for 20 gold pieces
  3558 | D:4      | Gained mutation: You have large cloven feet. [potion of mutation]
  3558 | D:4      | Gained mutation: Scrolls take you a little longer to read. [potion of mutation]
  3558 | D:4      | Gained mutation: Scrolls take you longer to read. [potion of mutation]
  3559 | D:4      | Lost mutation: You have large cloven feet. [potion of mutation]
  3559 | D:4      | Gained mutation: You are clumsy. (Dex -2) [potion of mutation]
  3663 | D:4      | Found Kainkeit's Magic Scroll Emporium.
  3749 | D:4      | Found an oddly glowing altar of Pakellas.
  3969 | D:4      | Found a shattered altar of Ashenzari.
  4248 | D:4      | Bought a scroll of identify for 20 gold pieces
  4258 | D:5      | Entered Level 5 of the Dungeon
  4289 | D:5      | Reached skill level 1 in Stealth
  4328 | D:5      | Noticed Menkaure
  4335 | D:5      | Killed Menkaure
  4335 | D:5      | Reached skill level 5 in Fighting
  4367 | D:5      | Got a steaming copper ring
  4371 | D:5      | Gained mutation: You can translocate small distances at will. [potion of mutation]
  4371 | D:5      | Gained mutation: You have sharp fingernails. [potion of mutation]
  4465 | D:5      | Noticed Prince Ribbit
  4473 | D:5      | Reached XP level 8. HP: 68/68 MP: 8/8
  4635 | D:5      | Reached skill level 6 in Shields
  4855 | D:5      | Killed Prince Ribbit
  5415 | D:6      | Reached XP level 9. HP: 72/75 MP: 9/9
  5642 | D:6      | Reached skill level 7 in Shields
  5687 | D:6      | Reached skill level 1 in Unarmed Combat
  6082 | D:7      | Gained mutation: Your spells are a little harder to cast, but a little more powerful. [potion of mutation]
  6082 | D:7      | Gained mutation: Your magical capacity is low (-10% MP). [potion of mutation]
  6450 | D:7      | Found a staircase to the Ecumenical Temple.
  6463 | Temple   | Entered the Ecumenical Temple
  6549 | D:8      | Reached skill level 8 in Shields
  6922 | D:7      | Found Seipec's Book Shop.
  6964 | D:7      | You fall through a shaft for 2 floors!
  7210 | D:9      | Killed from afar by a quokka

Vault maps used:
D:1:      roderic_octagonal_star
D:2:      uniq_robin, uniq_sigmund, uniq_natasha, uniq_crazy_yiuf_cottage
D:3:      grunt_gozag_statues, nicolae_tso_carved_into_rock, uniq_jessica
D:4:      lemuel_doored_altar, serial_shops, shop, cheibrodos_ashenzari_chains
D:5:      first_bread, lemuel_flame_loot_1, uniq_prince_ribbit1, uniq_menkaure
D:7:      temple_hall, serial_shops, shop_statue, minmay_item_behind_shaft,
          grunt_ogre_cave
D:8:      serial_shops, nicolae_shop_crystal, kennysheep_generic_room_16
D:9:      lemuel_upstairs_altar, dpeg_lair_monsters
Temple:   kilobyte_greek_temple_18

Skill      XL: |  1  2  3  4  5  6  7  8  9 |
---------------+----------------------------+-----
Fighting       | 4 5 6 |  6.4
Axes           | 3 4 5 7 |  7.7
Shields        | 4 5 6 8 |  8.4
Armour         | 4 5 6 |  6.8
Dodging        | 1 2 |  2.1
Stealth        | 1 3 4 |  4.3
Unarmed Combat | 3 |  3.5

Action                   |  1- 3 |  4- 6 |  7- 9 || total
-------------------------+-------+-------+-------++-------
Melee: War axe           |   168 |   135 |   158 ||   461
       Unarmed           |       |       |   277 ||   277
 Abil: Blink             |       |       |     1 ||     1
  Use: Scroll            |     6 |     5 |    13 ||    24
       Potion            |       |     2 |     6 ||     8
  Eat: Chunk             |     2 |     5 |     7 ||    14
       Beef jerky        |       |       |     2 ||     2
       Bread ration      |       |       |     1 ||     1
Armor: Scale mail        |    39 |       |       ||    39
       Plate armour      |    56 |       |   174 ||   230
       Chain mail        |     5 |    53 |     3 ||    61
Dodge: Dodged            |    35 |    25 |    68 ||   128
Block: Shield            |   103 |   114 |   422 ||   639
       Reflection        |       |     1 |     5 ||     6
